 Dungeon Crawl Stone Soup version 0.31-a0-1-g4198be8af4 (webtiles) character file.

Game seed: 12856941836686522961

205870 Jase the Demon Slayer (level 18, -7/182 HPs)
             Began as a Troll Fighter on Apr 30, 2023.
             Was a High Priest of the Shining One.
             Mangled by a redback (13 damage)
             ... on level 2 of the Spider Nest.
             The game lasted 01:56:17 (27418 turns).

Jase the Demon Slayer (Troll Fighter)              Turns: 27418, Time: 01:56:18

Health: -7/182     AC: 17    Str: 29    XL:     18   Next: 43%
Magic:  21/29      EV: 13    Int:  4    God:    the Shining One [*****.]
Gold:   2893       SH: 28    Dex: 15    Spells: 17/17 levels left

rFire   . . .        a - +7 sacred scourge (holy)
rCold   . . .        k - +1 kite shield "Livur" {rPois}
rNeg    + + .        K - quicksilver dragon scales
rPois   +            U - +2 hat
rElec   .            I - +2 cloak {Will+}
rCorr   +            (gloves unavailable)
SInv    .            (boots unavailable)
Will    +++..        Q - amulet of reflection
Stlth   +            s - +4 ring of slaying
HPRegen 1.30/turn    q - ring of resist corrosion
MPRegen 0.21/turn

%: reflection
@: divinely shielded, spiked, glowing
A: large, unfitting armour, claws 3, regeneration 1, shaggy fur 1, tough skin 1
a: Renounce Religion, Divine Shield, Cleansing Flame, Summon Divine Warrior


You were on level 2 of the Spider Nest.
You worshipped the Shining One.
The Shining One was extremely pleased with you.
You visited 6 branches of the dungeon, and saw 28 of its levels.
You also visited: Sewer and Ice Cave.

You collected 3612 gold pieces.
You spent 719 gold pieces at shops.

Inventory:

Hand Weapons
 a - a +7 sacred scourge of holy wrath (weapon)
 b - the +1 great mace of Armageddon {antimagic, Str+3}
   (You acquired it on level 7 of the Dungeon)

   Str:       It affects your strength (+3).
 c - a +0 giant spiked club of flaming
Missiles
 m - 4 javelins
 w - a silver boomerang
 J - 11 boomerangs
 L - 4 throwing nets
 N - 3 datura-tipped darts
 O - 8 atropa-tipped darts
 P - 7 curare-tipped darts
 R - 5 large rocks
 S - 2 boomerangs of dispersal
 Z - 43 poisoned darts (quivered)
Armour
 k - the +1 kite shield "Livur" (worn) {rPois}
   (You took it off Donald on level 1 of the Swamp)

   rPois:     It protects you from poison.
 I - a +2 cloak of willpower (worn)
 K - quicksilver dragon scales (worn)
 U - a +2 hat (worn)
Jewellery
 e - the ring "Cuinonu" {Will+ Dex+6}
   (You found it on level 5 of the Lair of Beasts)

   [ring of dexterity]

   Dex:       It affects your dexterity (+6).
   Will:      It increases your willpower.
 i - a ring of protection from fire
 q - a ring of resist corrosion (right claw)
 s - a +4 ring of slaying (left claw)
 A - the ring of Kann {rF+ rC+}
   (You acquired it on level 8 of the Dungeon)

   [ring of protection from cold]

   rF:        It protects you from fire.
   rC:        It protects you from cold.
 Q - an amulet of reflection (around neck)
Wands
 j - a wand of roots (31)
 n - a wand of paralysis (3)
 u - a wand of digging (7)
 T - a wand of light (19)
 X - a wand of polymorph (14)
 Y - a wand of flame (8)
Scrolls
 l - 15 scrolls of teleportation
 o - a scroll of magic mapping
 p - a scroll of fear
 x - a scroll of silence
 z - a scroll of blinking
 B - 2 scrolls of fog
Potions
 f - a potion of curing
 g - 7 potions of mutation
 r - 5 potions of resistance
 t - a potion of lignification
 v - 5 potions of magic
 y - 6 potions of might
 C - 6 potions of cancellation
 D - 4 potions of brilliance
 E - 2 potions of heal wounds
 G - 4 potions of attraction
 H - 4 potions of haste
 M - a potion of ambrosia
 V - 2 potions of flight
Miscellaneous
 d - a box of beasts
 W - a lightning rod (4/4)


   Skills:
 + Level 11.8 Fighting
 + Level 15.0 Maces & Flails
 + Level 3.3 Armour
 - Level 11.0 Dodging
 - Level 5.0 Shields
 - Level 7.7 Unarmed Combat
 + Level 16.1 Invocations


You had 17 spell levels left.
You didn't know any spells.
Your spell library contained the following spells:

 Spells                   Type           Power      Damage    Failure   Level
 Apportation              Tloc           0%         N/A       83%         1
 Beastly Appendage        Tmut           0%         N/A       83%         1
 Necrotise                Necr           0%         1d4       83%         1
 Summon Small Mammal      Summ           0%         N/A       83%         1
 Cigotuvi's Dreadful Rot  Necr/Pois/Air  0%         N/A       92%         2
 Lesser Beckoning         Tloc           0%         N/A       92%         2
 Passwall                 Tmut/Erth      0%         N/A       92%         2
 Sublimation of Blood     Necr           0%         N/A       92%         2
 Wereblood                Tmut           0%         N/A       92%         2
 Call Canine Familiar     Summ           0%         N/A       99%         3
 Gell's Gravitas          Tloc           0%         N/A       99%         3
 Inner Flame              Hex/Fire       0%         N/A       99%         3
 Ozocubu's Armour         Ice            0%         N/A       99%         3
 Summon Guardian Golem    Hex/Summ       0%         N/A       99%         3
 Teleport Other           Tloc           0%         N/A       99%         3
 Vhi's Electric Charge    Tloc/Air       0%         N/A       99%         3
 Cause Fear               Hex            0%         N/A       100%        4
 Flame Wave               Conj/Fire      0%         2d4       100%        4
 Olgreb's Toxic Radiance  Pois           0%         N/A       100%        4
 Sticky Flame             Conj/Fire      0%         2d3       100%        4
 Arcjolt                  Conj/Air       0%         1d10      100%        5
 Metabolic Englaciation   Hex/Ice        0%         N/A       100%        5
 Conjure Ball Lightning   Conj/Air       0%         3x3d6     100%        6
 Plasma Beam              Fire/Air       0%         2x1d11    100%        6
 Simulacrum               Ice/Necr       0%         N/A       100%        6
 Dragon Form              Tmut           0%         N/A       100%        7
 Summon Hydra             Summ           0%         N/A       100%        7
 Discord                  Hex            0%         N/A       100%        8
 Disjunction              Tloc           0%         N/A       100%        8
 Ignition                 Fire           0%         3d3       100%        8
 Lehudib's Crystal Spear  Conj/Erth      0%         10d2      100%        8
 Dragon's Call            Summ           0%         N/A       100%        9


Dungeon Overview and Level Annotations

Branches:
Dungeon (14/15)            Temple (1/1) D:4            Lair (5/5) D:11
  Swamp (3/4) Lair:2       Spider (3/4) Lair:3        Slime (0/5) Lair:4
    Orc (2/2) D:11            Elf (0/3) Orc:2        Vaults (0/5) D:14
  Sewer (visited)           IceCv (visited)

Altars:
Ashenzari
Cheibriados
Dithmenos
Elyvilon
Fedhas
Gozag
Hepliaklqana
Kikubaaqudgha
Makhleb
Nemelex Xobeh
Okawaru
Qazlal
Ru
Sif Muna
Trog
Uskayaw
Vehumet
Wu Jian
Xom
Yredelemnul
Zin
The Shining One

Shops:
D:9 *   D:10 ?   D:13 *   Orc:1 (   Orc:2 (*=[*

Annotations:
Lair:1 3 runed translucent doors, 2 exclusions, Ybiy's ghost, journeyman TrFi
Spider:2 exclusion: downstairs
Spider:3 Nikola


Innate Abilities, Weirdness & Mutations

You are too large for most types of armour.
You have claws for hands.
Your natural rate of healing is unusually fast.
You are covered in fur. (AC +1)
You have tough skin. (AC +1)


Message History

You are confused.
The steelbarb worm hits you!
Barbed spikes become lodged in your body.
The redback bites you!
You are more confused.
You feel invigorated. The tarantella closely misses you.
The redback barely misses you. The steelbarb worm hits you!!
* * * LOW HITPOINT WARNING * * *
Barbed spikes become lodged in your body.
The moth of wrath closely misses you. The tarantella closely misses you.
The redback bites you!
* * * LOW HITPOINT WARNING * * *
The steelbarb worm hits you!
* * * LOW HITPOINT WARNING * * *
Barbed spikes become lodged in your body.
The moth of wrath barely misses you.
Unknown command.
Unknown command.
Unknown command.
You are too confused!
You feel better.
You feel less invigorated. You block the tarantella's attack.
You block the redback's attack. You block the tarantella's attack.
The steelbarb worm closely misses you. You block the redback's attack.
You block the moth of wrath's attack. The tarantella touches you!
* * * LOW HITPOINT WARNING * * *
The steelbarb worm closely misses you.
Unknown command.
Unknown command.
You are momentarily dazzled by a brilliant light.
The redback closely misses you. You block the tarantella's attack.
You block the redback's attack. The steelbarb worm closely misses you.
You block the tarantella's attack. You block the moth of wrath's attack.
The redback bites you!
* * * LOW HITPOINT WARNING * * *
Unknown command.
You thrash the tarantella!!
The tarantella is heavily wounded.
You block the steelbarb worm's attack. You block the tarantella's attack.
The redback bites you!
You die...

#.......#..#....#.#....#........^
##..........##....#..#)....#....#
#...........#..#........<#.......
^.##..#.#....^....#..#........##.
.....#.....#....#..........##..#.
##.#.#.#^#..#.^#.#......#...#†#..
..<........#.#....^.^#.....#..†..
#.......#...#...#w.....#....#^...
...#.##...#....s@†..#...^..#..#.#
........#..#...sy†#..#..##...##..
....#.#......>....A....#.........
###..#.......##..#..........#..#.
.##.#^....#.#..^###..#..#....#...
.......#......##...#...#.###..#..
.....#.##.#............^........#
.....#.....?#.#.......#.....#.#..
#?.#.#.##...........#...#.##..#..


You could see a steelbarb worm (berserk), a moth of wrath (ally target), a
tarantella (berserk), a redback (berserk) and a friendly angel (summoned).

Vanquished Creatures
  Gastronok (Lair:1)
  Donald (Swamp:1)
  An emperor scorpion (Spider:1)
  Louise (Spider:2)
  A reaper (IceCv)
  A broodmother (Spider:1)
  The ghost of Masimoik the Fighter, a journeyman OgFE of Vehumet (Orc:2)
  A minotaur (Orc:2)
  4 bunyips
  6 entropy weavers
  3 slime creatures (D:14)
  6 hydras
  A merfolk avatar (Lair:5)
  3 jorogumos (Spider:2)
  2 radroaches (Spider:1)
  3 boulder beetles
  2 dancing weapons (D:14)
  4 centaur warriors
  7 alligators
  5 two-headed ogres
  8 death yaks
  4 orc high priests
  A skyshark (Lair:5)
  Amaemon (Lair:1)
  A sun moth (Spider:2)
  3 sea snakes (Lair:4)
  4 goliath frogs
  2 swamp dragons (Swamp:2)
  An orb spider (shapeshifter) (D:14)
  4 spriggan druids
  3 orb spiders
  A bog body (Swamp:2)
  2 deep elf pyromancers (D:14)
  5 wolf spiders
  4 steelbarb worms
  2 wizards
  4 orc sorcerers (Orc:2)
  6 orc knights (Orc:2)
  3 will-o-the-wisps
  A manticore (D:14)
  2 moths of wrath
  A cyclops (D:11)
  5 elephants
  Joseph (Lair:1)
  An ice statue (IceCv)
  2 torpor snails (Spider:1)
  5 demonic crawlers
  A black mamba (Lair:5)
  A cane toad (shapeshifter) (D:14)
  A gargoyle (D:13)
  An orange demon (Lair:1)
  3 unseen horrors
  12 cane toads
  7 komodo dragons
  A freezing wraith (IceCv)
  5 rime drakes
  2 tengu conjurers (D:14)
  4 anaconda simulacra (IceCv)
  An ice devil (IceCv)
  4 trolls
  A polar bear (Lair:2)
  6 hornets
  21 tarantellas
  31 blink frogs
  5 dream sheep (Lair:5)
  Prince Ribbit (D:6)
  2 tyrant leeches (Swamp:2)
  A snapping turtle (Lair:5)
  16 jumping spiders
  4 shadows
  18 culicivoras
  10 spriggans
  5 wyverns
  A human (shapeshifter) (D:14)
  4 wraiths
  4 fire bats (D:9)
  A basilisk (Lair:1)
  4 hogs (D:9)
  4 steam dragons
  33 yaks
  A human (D:9)
  9 vampire mosquitoes
  A death yak simulacrum (IceCv)
  48 redbacks
  A warg (Orc:1)
  3 acid dragons
  8 swamp worms
  5 water moccasins
  A hell hound (D:9)
  6 swamp drakes
  30 orc warriors
  3 ice beasts
  4 boggarts (D:14)
  3 ogres
  5 centaurs
  A phantom (D:5)
  6 kobold brigands
  11 bullfrogs
  A gnoll sergeant (D:9)
  3 scorpions
  11 two-headed ogre simulacra (IceCv)
  A cane toad simulacrum (IceCv)
  3 wights (D:6)
  An elephant simulacrum (IceCv)
  A vampire bat (D:7)
  3 howler monkeys
  An electric eel (Lair:1)
  2 lava snakes (D:9)
  3 hounds
  Crazy Yiuf (D:5)
  A jelly (D:6)
  3 gnoll boudas
  19 orc priests
  3 iguanas
  21 orc wizards
  5 spriggan simulacra (IceCv)
  5 hell rats (Lair:5)
  A polar bear simulacrum (IceCv)
  4 troll simulacra (IceCv)
  2 wolf simulacra (IceCv)
  18 gnolls
  6 naga simulacra (IceCv)
  11 adders
  5 river rats (Sewer)
  A shadow imp (D:7)
  8 white imps
  9 ufetubi
  4 worms
  5 dart slugs
  68 orcs
  13 ball pythons
  8 bats
  6 endoplasms
  6 giant cockroaches
  8 goblins
  12 hobgoblins
  9 jackals
  26 kobolds
  2 quokkas
  3 training dummies (Orc:2)
  15 frilled lizards
  7 rats
837 creatures vanquished.

Vanquished Creatures (collateral kills)
  Rupert (Lair:3)
  An emperor scorpion (Spider:1)
  An entropy weaver (Spider:1)
  A steelbarb worm (Spider:1)
  2 wolf spiders
  A komodo dragon (Lair:3)
  2 redbacks (Spider:1)
9 creatures vanquished.

Vanquished Creatures (others)
  An orb spider (Spider:3)
  3 meliai (Spider:3)
  2 bloated husks
  A tarantella (Spider:3)
  A jumping spider (Spider:3)
  A culicivora (Spider:3)
  A redback (Spider:3)
  An orc (Orc:2)
  3 fire vortices (D:9)
  8 foxfires
  23 fungi
  37 plants
82 creatures vanquished.

Grand Total: 928 creatures vanquished

Notes
Turn   | Place    | Note
-------+----------+-------------------------------------------
     0 | D:1      | Jase the Troll Fighter began the quest for the Orb.
     0 | D:1      | Reached XP level 1. HP: 22/22 MP: 0/0
   232 | D:1      | Reached XP level 2. HP: 29/29 MP: 1/1
   374 | D:1      | Reached XP level 3. HP: 37/37 MP: 2/2
   641 | D:2      | Reached XP level 4. HP: 45/45 MP: 3/3
   847 | D:2      | Found a faded altar of an unknown god.
   853 | D:2      | Prayed at the altar of an unknown god.
   853 | D:2      | Became a worshipper of Elyvilon the Healer
   853 | D:2      | Reached * piety under Elyvilon
  1081 | D:2      | Reached ** piety under Elyvilon
  1524 | D:3      | Reached XP level 5. HP: 54/54 MP: 4/4
  1833 | D:3      | Found a bloodstained altar of Trog.
  1837 | D:3      | Reached skill level 1 in Invocations
  1847 | D:3      | Found a shimmering blue altar of Sif Muna.
  1867 | D:3      | Got Sif Muna's Information on the Figure
  2133 | D:4      | Reached XP level 6. HP: 62/62 MP: 6/6
  2201 | D:4      | Noticed an ice beast
  2207 | D:4      | Killed an ice beast
  2208 | D:4      | Reached skill level 2 in Invocations
  2246 | D:4      | Found a staircase to the Ecumenical Temple.
  2308 | Temple   | Entered the Ecumenical Temple
  2414 | D:4      | Reached *** piety under Elyvilon
  2885 | D:5      | Entered Level 5 of the Dungeon
  2886 | D:5      | You fall into a shaft and drop 2 floors!
  3061 | D:7      | Reached **** piety under Elyvilon
  3230 | D:7      | Reached skill level 5 in Unarmed Combat
  3230 | D:7      | Reached XP level 7. HP: 69/71 MP: 6/8
  3265 | D:6      | Found a glowing drain.
  3271 | D:6      | Reached skill level 3 in Invocations
  3313 | Sewer    | Entered a sewer
  3345 | Sewer    | Reached skill level 5 in Fighting
  4057 | D:5      | Reached skill level 4 in Invocations
  4057 | D:5      | Reached XP level 8. HP: 80/80 MP: 8/10
  4297 | D:5      | Reached ***** piety under Elyvilon
  4342 | D:5      | Found Sazumier's Distillery.
  4348 | D:5      | Got the Vellum of Geological Poisoning
  4355 | D:5      | Bought a potion of invisibility for 112 gold pieces
  4355 | D:5      | Bought a potion of attraction for 42 gold pieces
  4355 | D:5      | Bought a potion of haste for 140 gold pieces
  4392 | D:5      | Found a blossoming altar of Fedhas.
  4392 | D:5      | Found an ancient bone altar of Kikubaaqudgha.
  4530 | D:5      | Found a runed translucent door.
  4531 | D:5      | Noticed Crazy Yiuf
  4538 | D:5      | Killed Crazy Yiuf
  5143 | D:6      | Noticed Prince Ribbit
  5151 | D:6      | Reached skill level 5 in Invocations
  5198 | D:6      | Killed Prince Ribbit
  5271 | D:6      | Reached XP level 9. HP: 89/89 MP: 11/11
  5426 | D:6      | Found a hide-covered altar of Uskayaw.
  5592 | D:7      | Found a hazy altar of Hepliaklqana.
  5592 | D:7      | Found a burning altar of Makhleb.
  5880 | D:7      | Identified 3 scrolls of acquirement
  5880 | D:7      | Acquired 442 gold pieces
  5898 | D:7      | Acquired the +1 great mace of Armageddon {antimagic, Str+3}
  5938 | D:8      | Noticed a two-headed ogre
  6077 | D:8      | Reached skill level 1 in Maces & Flails
  6213 | D:8      | Reached skill level 6 in Invocations
  6454 | D:8      | Killed a two-headed ogre
  6455 | D:8      | Reached skill level 5 in Dodging
  6455 | D:8      | Reached XP level 10. HP: 102/102 MP: 13/13
  6566 | D:8      | Acquired the ring of Kann {rF+ rC+}
  6857 | D:9      | Found Idwean's Demolitions Depot.
  6874 | D:9      | Bought a scroll of immolation for 56 gold pieces
  6891 | D:9      | Noticed a centaur warrior
  6902 | D:9      | Killed a centaur warrior
  6903 | D:9      | Reached skill level 7 in Invocations
  7003 | D:9      | Noticed a two-headed ogre
  7016 | D:9      | Killed a two-headed ogre
  7247 | Temple   | Fell from the grace of Elyvilon
  7247 | Temple   | Became a worshipper of the Shining One
  7247 | Temple   | Reached * piety under the Shining One
  7247 | Temple   | Reached ** piety under the Shining One
  7341 | D:9      | Reached *** piety under the Shining One
  7494 | D:9      | Identified the +2 mace of Genec {speed, rF++ Stlth+}
  7976 | D:10     | Entered Level 10 of the Dungeon
  8120 | D:10     | Reached skill level 5 in Maces & Flails
  8126 | D:10     | Reached XP level 11. HP: 69/111 MP: 15/15
  8233 | D:10     | Noticed a wizard
  8239 | D:10     | Reached skill level 8 in Invocations
  8269 | D:10     | Killed a wizard
  8355 | D:10     | Found a glowing silver altar of Zin.
  8455 | D:10     | Found Viwkul's Magic Scroll Emporium.
  8465 | D:10     | Bought a scroll of identify for 22 gold pieces
  8465 | D:10     | Bought a scroll of identify for 22 gold pieces
  8852 | D:11     | Found a staircase to the Orcish Mines.
  8977 | D:11     | Noticed a wizard
  8984 | D:11     | Killed a wizard
  9324 | D:11     | Reached **** piety under the Shining One
  9559 | D:11     | Found a staircase to the Lair.
 10004 | Lair:1   | Entered Level 1 of the Lair of Beasts
 10004 | Lair:1   | Noticed Amaemon
 10014 | Lair:1   | Killed Amaemon
 10015 | Lair:1   | Reached skill level 9 in Invocations
 10019 | Lair:1   | HP: 3/111 [orange demon[Amaemon] (11)]
 10063 | Lair:1   | Noticed Gastronok
 10085 | Lair:1   | Killed Gastronok
 10139 | Lair:1   | Reached XP level 12. HP: 103/119 MP: 18/18
 10191 | Lair:1   | Found a frozen archway.
 10206 | IceCv    | Entered an ice cave
 10371 | IceCv    | Reached ***** piety under the Shining One
 10464 | IceCv    | Reached skill level 10 in Invocations
 10631 | IceCv    | Reached ****** piety under the Shining One
 10693 | IceCv    | Noticed a reaper
 10816 | IceCv    | Killed a reaper
 11356 | Lair:1   | Identified the +4 long sword of Defilement {freeze, rF+
                  | Stlth+}
 11415 | Lair:1   | Noticed Joseph
 11442 | Lair:1   | Killed Joseph
 11443 | Lair:1   | Reached skill level 11 in Invocations
 11588 | Lair:1   | Found a runed translucent gate.
 11590 | Lair:1   | Found a runed translucent gate.
 11590 | Lair:1   | Found a runed translucent gate.
 11592 | Lair:1   | Noticed Ybiy's ghost (journeyman TrFi)
 11821 | Lair:1   | Identified a +0 sacred scourge of holy wrath (a -2 demon
                  | whip of venom blessed by the Shining One)
 11821 | Lair:1   | Received a gift from the Shining One
 12366 | Lair:2   | Reached skill level 10 in Maces & Flails
 12366 | Lair:2   | Reached skill level 12 in Invocations
 12366 | Lair:2   | Reached XP level 13. HP: 127/127 MP: 19/21
 12470 | Lair:2   | Found a staircase to the Swamp.
 13195 | Lair:3   | Noticed Rupert
 13221 | Lair:3   | Killed Rupert
 13222 | Lair:3   | Reached XP level 14. HP: 85/136 MP: 12/22
 13650 | Lair:3   | Found a hole to the Spider Nest.
 14137 | Lair:4   | Reached skill level 13 in Invocations
 14753 | Lair:4   | Found a staircase to the Slime Pits.
 15370 | Orc:1    | Entered Level 1 of the Orcish Mines
 15451 | Orc:1    | Found Teogub's Weapon Boutique.
 15735 | Orc:2    | Entered Level 2 of the Orcish Mines
 15745 | Orc:2    | Found a runed translucent gate.
 15746 | Orc:2    | Found a runed translucent gate.
 15747 | Orc:2    | Found a runed translucent gate.
 15748 | Orc:2    | Noticed Masimoik's ghost (journeyman OgFE)
 15757 | Orc:2    | Found Viapraem's Firing Range.
 16326 | Orc:2    | Found a staircase to the Elven Halls.
 16729 | Orc:2    | Found Nanah's General Store.
 16729 | Orc:2    | Found Kiuliag's General Store.
 16736 | Orc:2    | Found Ypikhoep's Antique Armour Boutique.
 16736 | Orc:2    | Found Kimmychi's Jewellery Shoppe.
 16742 | Orc:2    | Bought 3 datura-tipped darts for 40 gold pieces
 16747 | Orc:2    | Bought a scroll of teleportation for 45 gold pieces
 16747 | Orc:2    | Bought a scroll of brand weapon for 142 gold pieces
 16926 | Orc:2    | Killed Masimoik's ghost
 17306 | Lair:5   | Entered Level 5 of the Lair of Beasts
 17651 | Lair:5   | Reached skill level 14 in Invocations
 17728 | Lair:4   | Reached XP level 15. HP: 49/146 MP: 24/24
 18171 | Lair:5   | Reached XP level 16. HP: 156/156 MP: 25/25
 18172 | Lair:5   | Reached XP level 17. HP: 165/165 MP: 26/26
 18175 | Lair:5   | Identified the ring "Cuinonu" {Will+ Dex+6}
 18424 | Lair:5   | Reached skill level 10 in Dodging
 18548 | Lair:5   | Reached skill level 10 in Fighting
 19592 | D:13     | Found Ziekkut's Overcharged Wands.
 20085 | D:14     | Found a gate to the Vaults.
 20922 | D:14     | Reached skill level 15 in Invocations
 21004 | D:14     | Found a hide-covered altar of Uskayaw.
 21366 | Spider:1 | Entered Level 1 of the Spider Nest
 21883 | Spider:1 | Identified the +3 dagger "Xous" {venom, *Rage rPois Int+3}
 23065 | Spider:2 | Paralysed by a jorogumo for 3 turns
 23661 | Spider:2 | HP: 6/169 [culicivora (13)]
 24048 | D:5      | Bought a potion of curing for 42 gold pieces
 24048 | D:5      | Bought a potion of might for 56 gold pieces
 24201 | Swamp:1  | Entered Level 1 of the Swamp
 24318 | Swamp:1  | Identified the +1 kite shield "Livur" {rPois}
 24318 | Swamp:1  | Noticed Donald
 24348 | Swamp:1  | Killed Donald
 24471 | Swamp:1  | Reached skill level 1 in Armour
 25302 | Swamp:2  | Reached XP level 18. HP: 168/179 MP: 28/28
 26400 | Spider:2 | Reached skill level 16 in Invocations
 26505 | Spider:2 | Reached skill level 5 in Shields
 26937 | Spider:3 | Noticed Nikola
 26937 | Spider:3 | Noticed Louise
 26955 | Spider:2 | Killed Louise
 26956 | Spider:2 | Reached skill level 15 in Maces & Flails
 27417 | Spider:2 | HP: 6/182 [redback (13)]
 27418 | Spider:2 | Mangled by a redback

Illustrated notes

Levels and vault maps discovered:
D:1:      pf_arrival_petrified_forest, layout_loops_ring
D:2:      layout_basic, chequers_ecumenical_altar_simple, minmay_quantized
D:3:      layout_basic, nzn_overflow_gifts_of_might_and_magic
D:4:      layout_loops_ring, minmay_temple_entry_purple_smoke
D:5:      layout_gridville, grunt_temple_overflow_growth_and_decay,
          serial_shops, nicolae_shop_industrial_runoff, uniq_crazy_yiuf_cottage
D:6:      layout_basic, mainiacjoe_overflow_alcove_2, portal_sewer_entry_a,
          nicolae_hexahallways, uniq_prince_ribbit1
D:7:      layout_gridville, gammafunk_temple_overflow_statue, roderic_batcave,
          lemuel_flame_loot_1
D:8:      layout_rooms, grunt_ministairs_8
D:9:      layout_loops_ring, nicolae_blasting_shop, grunt_livestock,
          hangedman_incinerator
D:10:     layout_roguey, mainiacjoe_overflow_six_doors_small, serial_shops,
          nicolae_shop_waterfront
D:11:     cheibrodos_wizards_tower, layout_loops_corners, lair_entry_dummy,
          orc_0_dummy, special_room [special_room_orc], grunt_ogre_cave
D:12:     layout_basic
D:13:     layout_basic, hangedman_decor_clover_reticule,
          nicolae_shop_overcharged_wands
D:14:     layout_irregular_city, erik_vaults_1, chequers_serial_rivers_small_b,
          serial_co_window_serial, co_window_corner_a, co_window_corner_a,
          co_window_of_opportunity_a, co_window_cross_1,
          co_window_of_opportunity_a, co_window_paths_a, co_window_paths_b,
          co_window_corner_cb, co_window_broadway_c, co_window_of_opportunity_c,
          co_window_cross_4, co_window_paths_e, glass_columns_b,
          nicolae_uskayaw_suspiria
Temple:   zaba_magenta_temple
Lair:1:   layout_cave_pods, gammafunk_ghost_necromancy, portal_ice_cave_rime,
          serial_bayou_shore_b, lemuel_fruit_tree, infiniplex_staircase_pool,
          uniq_joseph, uniq_amaemon, uniq_gastronok
Lair:2:   layout_roguey, minmay_swamp_entry_wisps, lemuel_fruit_fields,
          grunt_megastairs_5
Lair:3:   layout_regular_city, hellmonk_spider_entry_life_and_decay, uniq_rupert
Lair:4:   layout_small_grid, slime_entry_1, beast_lair_carwin_4
Lair:5:   gammafunk_lair_ancient_temple, layout_regular_city,
          chequers_serial_rivers_micro_d
Swamp:1:  layout_falls_marsh, evilmike_swamp_ruin_rubble_1,
          nicolae_swamp_stuck_in_the_mud, uniq_donald
Swamp:2:  nicolae_swamp_tree_isthmus, layout_falls_marsh,
          nicolae_swamp_big_swirl, st_swamp_ruins_2, infiniplex_staircase_pool_2
Swamp:3:  nicolae_swamp_husk_halls, layout_basic_swamp,
          evilmike_swamp_ruin_house_5, swamp_pool5
Spider:1: layout_chambers, nicolae_spider_wall_of_niches
Spider:2: layout_spider_delve
Spider:3: layout_spider_delve, nicolae_spider_nooks_and_crannies, uniq_roxanne,
          uniq_nikola, uniq_louise
Orc:1:    layout_caves, serial_shops, shop
Orc:2:    grunt_orc_tribal_feast, layout_diamond_mine, basic_altar,
          maelrawn_ghost_gauntlet_escape, nicolae_shop_firing_range

Skill      XL: |  1  2  3  4  5  6  7  8  9 10 11 12 13 14 15 16 17 18 |
---------------+-------------------------------------------------------+-----
Fighting       | 3 4 5 6 7 8 9 11 | 11.8
Unarmed Combat | 3 4 5 7 |  7.7
Invocations    | 1 2 4 5 6 7 9 12 14 15 16 | 16.1
Dodging        | 3 5 6 8 9 11 | 11.0
Maces & Flails | 3 5 7 10 11 12 13 14 15 | 15.0
Armour         | 1 3 |  3.3
Shields        | 3 5 |  5.0

Action                     |  1- 3 |  4- 6 |  7- 9 | 10-12 | 13-15 | 16-18 || total
---------------------------+-------+-------+-------+-------+-------+-------++-------
  Melee: Unarmed           |    62 |   182 |   325 |   599 |   633 |       ||  1801
         Punch             |     2 |     4 |    12 |    27 |    44 |    48 ||   137
         Sacred scourge    |       |       |       |       |    65 |   941 ||  1006
  Throw: Dart              |       |       |       |       |       |     3 ||     3
 Invoke: Cleansing Flame   |       |       |       |     3 |     8 |    12 ||    23
         Brand Weapon With |       |       |       |     1 |       |       ||     1
         Divine Shield     |       |       |       |       |    13 |    14 ||    27
         Summon Divine War |       |       |       |       |     1 |     5 ||     6
    Use: Scroll            |       |       |     9 |    17 |     8 |     8 ||    42
         Potion            |       |       |     1 |     7 |     2 |    13 ||    23
   Stab: Sleeping          |       |       |     1 |       |       |       ||     1
 Armour: Robe              |    20 |    48 |    83 |    90 |    29 |       ||   270
         Quicksilver drago |       |       |       |       |   139 |   361 ||   500
  Dodge: Dodged            |    25 |    78 |   160 |   224 |   271 |   446 ||  1204
  Block: Other             |       |       |       |    95 |   299 |   183 ||   577
         Reflection        |       |       |       |     2 |     4 |    12 ||    18
         Kite shield       |       |       |       |       |       |   341 ||   341

Table legend: (Time is in decaauts)
 A = Elapsed time spent in this place.
 B = Non-inter-level travel time spent in this place.
 C = Inter-level travel time spent in this place.
 D = Time resting spent in this place.
 E = Time spent auto-exploring this place.
 F = Levels seen in this place.
 G = Mean time per level.
                   A        B        C        D        E       F      G
               +--------+--------+--------+--------+--------+-----+--------+
         Total |  26785 |  24375 |   2410 |   3107 |  15076 |  30 |  892.8 |
       Dungeon |  11775 |  10702 |   1073 |    463 |   7877 |  14 |  841.1 |
        Temple |    129 |     79 |     50 |      0 |     55 |   1 |  129.0 |
          Lair |   6235 |   5476 |    759 |    630 |   3560 |   5 | 1247.0 |
         Swamp |   1837 |   1714 |    123 |    195 |   1049 |   3 |  612.3 |
   Spider Nest |   3476 |   3208 |    268 |   1375 |   1157 |   3 | 1158.7 |
  Orcish Mines |   1780 |   1645 |    135 |    243 |    794 |   2 |  890.0 |
         Sewer |    701 |    701 |      0 |     11 |    489 |   1 |  701.0 |
      Ice Cave |    850 |    850 |      0 |    188 |     95 |   1 |  850.0 |
               +--------+--------+--------+--------+--------+-----+--------+

Top non-repeatable levels by time:
Spider:1: 2381 daAuts
  Lair:4: 1612 daAuts
    D:11: 1403 daAuts
  Lair:1: 1342 daAuts
   Orc:2: 1311 daAuts
  Lair:2: 1223 daAuts
     D:9: 1197 daAuts
    D:14: 1166 daAuts
  Lair:3: 1110 daAuts
 Swamp:2: 1034 daAuts
Spider:2: 1024 daAuts
     D:6: 954 daAuts
     D:7: 952 daAuts
  Lair:5: 946 daAuts
   IceCv: 850 daAuts
